PAA
SPRINGFIELD SHOOTERS @ MINNESOTA LOONS
09/13/2038
 
TOP OF THE 1ST
Springfield Shooters batting - Pitching for Minnesota Loons : LHP Maik van Osch
Pitching: LHP Maik van Osch
Batting: RHB David Milliken 0-0: Called Strike
0-1: Called Strike
0-2: Ball
1-2: DOUBLE (Line Drive, 8RXD, EV 107.5 MPH)
Batting: RHB Orlando Samundio 0-0: Ball
1-0: Ball
2-0: Foul Ball, location: 2F
2-1: Ball
3-1: Foul Ball, location: 2F
3-2: Foul Ball, location: 2F
3-2: Strikes out looking
Batting: RHB Gene Wilson 0-0: Foul Ball, location: 2F
0-1: Ball
1-1: Foul Ball, location: 2F
1-2: Strikes out swinging
Batting: RHB Manny Dedo 0-0: Swinging Strike
0-1: Ball
1-1: Swinging Strike
1-2: Ball
2-2: Strikes out swinging
Top of the 1st over - 0 runs, 1 hit, 0 errors, 1 left on base; Springfield 0 - Minnesota 0
BOTTOM OF THE 1ST
Minnesota Loons batting - Pitching for Springfield Shooters : LHP Andy Tidwell
Pitching: LHP Andy Tidwell
Batting: RHB Javier Vázquez 0-0: Called Strike
0-1: Foul Ball, location: 2F
0-2: Strikes out looking
Batting: RHB Yoshiki Ito 0-0: Called Strike
0-1: Ball
1-1: Swinging Strike
1-2: Ball
2-2: Strikes out looking
Batting: RHB Igme Samson 0-0: Foul Ball, location: 2F
0-1: Swinging Strike
0-2: Strikes out swinging
Bottom of the 1st over - 0 runs, 0 hits, 0 errors, 0 left on base; Springfield 0 - Minnesota 0
TOP OF THE 2ND
Springfield Shooters batting - Pitching for Minnesota Loons : LHP Maik van Osch
Batting: LHB Sean Cox 0-0: Ball
1-0: Called Strike
1-1: Ball
2-1: Foul Ball, location: 2F
2-2: Ground out 4-3 (Groundball, 4, EV 86.2 MPH)
Batting: RHB Olo Iukekini 0-0: Ball
1-0: Ball
2-0: Swinging Strike
2-1: Fly out, F3 (Popup, 3F, EV 81.9 MPH)
Batting: RHB Ricardo Torres 0-0: Called Strike
0-1: Ground out 6-3 (Groundball, 6, EV 93.1 MPH)
Top of the 2nd over - 0 runs, 0 hits, 0 errors, 0 left on base; Springfield 0 - Minnesota 0
BOTTOM OF THE 2ND
Minnesota Loons batting - Pitching for Springfield Shooters : LHP Andy Tidwell
Batting: RHB David Stone 0-0: Swinging Strike
0-1: Ball
1-1: Ground out 4-3 (Groundball, 4S, EV 81.9 MPH)
Batting: LHB Cameron Woolever 0-0: Ball
1-0: Reached on error, E4 (Groundball, 4, EV 91.9 MPH)
Batting: RHB Sehinsah Al-Fanari 0-0: Ball
1-0: Ground out 6-3 (Groundball, 6, EV 107.5 MPH)
Batting: RHB William Morgan 0-0: Called Strike
0-1: Swinging Strike
0-2: Ball
1-2: Ball
2-2: Foul Ball, location: 2F
2-2: SINGLE (Flyball, 78S, EV 86.2 MPH)
Cameron Woolever to third
Runner from 3rd tries for Home, SAFE, no throw by LF
Batting: SHB Milojica Kordic 0-0: Fly out, F9 (Flyball, 9LS, EV 94.4 MPH)
Bottom of the 2nd over - 1 run, 1 hit, 1 error, 1 left on base; Springfield 0 - Minnesota 1
TOP OF THE 3RD
Springfield Shooters batting - Pitching for Minnesota Loons : LHP Maik van Osch
Batting: RHB Charles Sheffield 0-0: Ball
1-0: Foul Ball, location: 2F
1-1: Swinging Strike
1-2: Strikes out swinging
Batting: RHB Clay Myers 0-0: Called Strike
0-1: Called Strike
0-2: TRIPLE (Line Drive, 8LXD, EV 98.8 MPH)
Batting: RHB David Milliken 0-0: Ground out 5-3 (Groundball, 5L, EV 106.2 MPH)
Batting: RHB Orlando Samundio 0-0: Ground out 5-3 (Groundball, 56, EV 105.0 MPH)
Top of the 3rd over - 0 runs, 1 hit, 0 errors, 1 left on base; Springfield 0 - Minnesota 1
BOTTOM OF THE 3RD
Minnesota Loons batting - Pitching for Springfield Shooters : LHP Andy Tidwell
Batting: RHB Salvador Gisbert 0-0: Reached on error, E1 (Groundball, 15S, EV 71.2 MPH)
Batting: RHB Javier Vázquez 0-0: Called Strike
0-1: Foul Ball, location: 2F
0-2: Ball
1-2: Ball
Salvador Gisbert is caught stealing 2nd base 2-4
2-2: Foul Ball, location: 2F
2-2: SINGLE (Line Drive, 78S, EV 89.4 MPH)
Batting: RHB Yoshiki Ito 0-0: Reached on error, E5 (Groundball, 56, EV 79.4 MPH)
Javier Vázquez to second
Batting: RHB Igme Samson 0-0: Called Strike
0-1: Ball
1-1: Foul Ball, location: 2F
1-2: Ball
2-2: Foul Ball, location: 2F
2-2: Strikes out swinging
Batting: RHB David Stone 0-0: Ball
1-0: Fly out, F7 (Flyball, 78D, EV 82.5 MPH)
Bottom of the 3rd over - 0 runs, 1 hit, 2 errors, 2 left on base; Springfield 0 - Minnesota 1
TOP OF THE 4TH
Springfield Shooters batting - Pitching for Minnesota Loons : LHP Maik van Osch
Batting: RHB Gene Wilson 0-0: Ball
1-0: Foul Ball, location: 2F
1-1: Foul Ball, location: 2F
1-2: Strikes out swinging
Batting: RHB Manny Dedo 0-0: Ball
1-0: Swinging Strike
1-1: Foul Ball, location: 2F
1-2: Ball
2-2: Strikes out swinging
Batting: LHB Sean Cox 0-0: Ground out 6-3 (Groundball, 6M, EV 86.2 MPH)
Top of the 4th over - 0 runs, 0 hits, 0 errors, 0 left on base; Springfield 0 - Minnesota 1
BOTTOM OF THE 4TH
Minnesota Loons batting - Pitching for Springfield Shooters : LHP Andy Tidwell
Batting: LHB Cameron Woolever 0-0: Called Strike
0-1: Called Strike
0-2: Ball
1-2: Foul Ball, location: 2F
1-2: Ball
2-2: Ball
3-2: Ground out 5-3 (Groundball, 56, EV 90.6 MPH)
Batting: RHB Sehinsah Al-Fanari 0-0: Ball
1-0: Called Strike
1-1: Ball
2-1: Swinging Strike
2-2: Strikes out looking
Batting: RHB William Morgan 0-0: Ball
1-0: Ball
2-0: Called Strike
2-1: Foul Ball, location: 2F
2-2: Ball
3-2: Ground out 5-3 (Groundball, 5, EV 98.8 MPH)
Bottom of the 4th over - 0 runs, 0 hits, 0 errors, 0 left on base; Springfield 0 - Minnesota 1
TOP OF THE 5TH
Springfield Shooters batting - Pitching for Minnesota Loons : LHP Maik van Osch
Batting: RHB Olo Iukekini 0-0: Ball
1-0: Called Strike
1-1: Ball
2-1: Fly out, F8 (Flyball, 8LD, EV 101.9 MPH)
Batting: RHB Ricardo Torres 0-0: Ball
1-0: Ball
2-0: Ball
3-0: Called Strike
3-1: Fly out, F9 (Line Drive, 9, EV 90.6 MPH)
Batting: RHB Charles Sheffield 0-0: Ball
1-0: Ball
2-0: Foul Ball, location: 2F
2-1: Foul Ball, location: 2F
2-2: Strikes out swinging
Top of the 5th over - 0 runs, 0 hits, 0 errors, 0 left on base; Springfield 0 - Minnesota 1
BOTTOM OF THE 5TH
Minnesota Loons batting - Pitching for Springfield Shooters : LHP Andy Tidwell
Batting: SHB Milojica Kordic 0-0: Foul Ball, location: 2F
0-1: Ball
1-1: Swinging Strike
1-2: Ground out 6-3 (Groundball, 6, EV 75.6 MPH)
Batting: RHB Salvador Gisbert 0-0: Ball
1-0: Fly out, F8 (Flyball, 8RS, EV 68.8 MPH)
Batting: RHB Javier Vázquez 0-0: Swinging Strike
0-1: Foul Ball, location: 2F
0-2: Ground out 4-3 (Groundball, 4, EV 103.1 MPH)
Bottom of the 5th over - 0 runs, 0 hits, 0 errors, 0 left on base; Springfield 0 - Minnesota 1
TOP OF THE 6TH
Springfield Shooters batting - Pitching for Minnesota Loons : LHP Maik van Osch
Batting: RHB Clay Myers 0-0: Ball
1-0: Ball
2-0: Called Strike
2-1: Foul Ball, location: 2F
2-2: Strikes out swinging
Batting: RHB David Milliken 0-0: Called Strike
0-1: Ball
1-1: Ball
2-1: Ball
3-1: Foul Ball, location: 2F
3-2: Foul Ball, location: 2F
3-2: Foul Ball, location: 2F
3-2: Foul Ball, location: 2F
3-2: Foul Ball, location: 2F
3-2: Base on Balls
Batting: RHB Orlando Samundio 0-0: Ball
1-0: Foul Ball, location: 2F
1-1: Ball
2-1: Called Strike
2-2: Strikes out swinging
Batting: RHB Gene Wilson 0-0: Ball
1-0: Called Strike
1-1: Fielders Choice at 2nd, 5-4 (Groundball, 56, EV 103.1 MPH)
Top of the 6th over - 0 runs, 0 hits, 0 errors, 1 left on base; Springfield 0 - Minnesota 1
BOTTOM OF THE 6TH
Minnesota Loons batting - Pitching for Springfield Shooters : LHP Andy Tidwell
Batting: RHB Yoshiki Ito 0-0: Ball
1-0: SINGLE (Groundball, 6M, EV 81.9 MPH) (infield hit)
Batting: RHB Igme Samson 0-0: Ball
1-0: Fly out, F9 (Line Drive, 89M, EV 103.1 MPH)
Batting: RHB David Stone 0-0: Ball
1-0: Foul Ball, location: 2F
1-1: SINGLE (Line Drive, 6D, EV 100.6 MPH)
Yoshiki Ito to second
Batting: LHB Cameron Woolever 0-0: Ball
1-0: Ball
2-0: SINGLE (Groundball, 4MD, EV 99.4 MPH)
Yoshiki Ito to third
David Stone to second
Batting: RHB Sehinsah Al-Fanari 0-0: Called Strike
0-1: Ball
1-1: Ball
2-1: Ball
3-1: Base on Balls
Yoshiki Ito scores
David Stone to third
Cameron Woolever to second
Batting: RHB William Morgan 0-0: Called Strike
0-1: Ball
1-1: Swinging Strike
1-2: Ball
2-2: Strikes out swinging
Batting: SHB Milojica Kordic 0-0: Ball
1-0: Foul Ball, location: 2F
1-1: Foul Ball, location: 2F
1-2: Strikes out swinging
Bottom of the 6th over - 1 run, 3 hits, 0 errors, 3 left on base; Springfield 0 - Minnesota 2
TOP OF THE 7TH
Springfield Shooters batting - Pitching for Minnesota Loons : LHP Maik van Osch
Batting: RHB Manny Dedo 0-0: Foul Ball, location: 2F
0-1: DOUBLE (Flyball, 8RXD, EV 108.8 MPH)
Batting: LHB Sean Cox 0-0: Ground out 6-3 (Groundball, 6, EV 83.1 MPH)
Batting: RHB Olo Iukekini 0-0: Called Strike
0-1: Ground out 6-3 (Groundball, 56, EV 107.5 MPH)
Batting: RHB Ricardo Torres 0-0: Called Strike
0-1: Called Strike
0-2: Ball
1-2: Strikes out looking
Top of the 7th over - 0 runs, 1 hit, 0 errors, 1 left on base; Springfield 0 - Minnesota 2
BOTTOM OF THE 7TH
Minnesota Loons batting - Pitching for Springfield Shooters : LHP Andy Tidwell
Pitching: LHP Georgy Gilyazitdinov
Batting: RHB Salvador Gisbert 0-0: Called Strike
0-1: Swinging Strike
0-2: Strikes out looking
Batting: RHB Javier Vázquez 0-0: Ball
1-0: Ball
2-0: Ball
3-0: Called Strike
3-1: Base on Balls
Batting: RHB Yoshiki Ito 0-0: Fly out, F9 (Line Drive, 9, EV 91.2 MPH)
Batting: RHB Igme Samson 0-0: Ball
1-0: Foul Ball, location: 2F
1-1: Foul Ball, location: 2F
1-2: Strikes out swinging
Bottom of the 7th over - 0 runs, 0 hits, 0 errors, 1 left on base; Springfield 0 - Minnesota 2
TOP OF THE 8TH
Springfield Shooters batting - Pitching for Minnesota Loons : LHP Maik van Osch
Pitching: RHP Tekoa Kinsinger
Batting: RHB Charles Sheffield 0-0: Called Strike
0-1: Ball
1-1: Ball
2-1: Foul Ball, location: 2F
2-2: Foul Ball, location: 2F
2-2: Strikes out swinging
Batting: RHB Clay Myers 0-0: Called Strike
0-1: Ground out 6-3 (Groundball, 6, EV 87.5 MPH)
Batting: RHB David Milliken 0-0: Swinging Strike
0-1: Ball
1-1: Called Strike
1-2: Foul Ball, location: 2F
1-2: Ground out 5-3 (Groundball, 56S, EV 78.1 MPH)
Top of the 8th over - 0 runs, 0 hits, 0 errors, 0 left on base; Springfield 0 - Minnesota 2
BOTTOM OF THE 8TH
Minnesota Loons batting - Pitching for Springfield Shooters : LHP Georgy Gilyazitdinov
Batting: RHB David Stone 0-0: Ball
1-0: Called Strike
1-1: Fly out, F8 (Line Drive, 8RD, EV 84.4 MPH)
Batting: LHB Cameron Woolever 0-0: Called Strike
0-1: Foul Ball, location: 2F
0-2: Foul Ball, location: 2F
0-2: Strikes out swinging
Batting: RHB Sehinsah Al-Fanari 0-0: Fly out, F8 (Flyball, 89D, EV 101.2 MPH)
Bottom of the 8th over - 0 runs, 0 hits, 0 errors, 0 left on base; Springfield 0 - Minnesota 2
TOP OF THE 9TH
Springfield Shooters batting - Pitching for Minnesota Loons : RHP Tekoa Kinsinger
Batting: RHB Orlando Samundio 0-0: Ball
1-0: Called Strike
1-1: Swinging Strike
1-2: Strikes out swinging
Batting: RHB Gene Wilson 0-0: Ball
1-0: Swinging Strike
1-1: Ball
2-1: SINGLE (Groundball, 3D, EV 103.1 MPH)
Batting: RHB Manny Dedo 0-0: Ball
1-0: Ball
2-0: Swinging Strike
2-1: Fly out, F8 (Flyball, 8RM, EV 88.8 MPH)
Batting: LHB Sean Cox 0-0: Called Strike
0-1: Ball
1-1: DOUBLE (Line Drive, 7LS, EV 102.5 MPH)
Gene Wilson to third
Pinch Hitting: LHB Herman Patton 0-0: Ground out 5-3 (Groundball, 56, EV 82.5 MPH)
Top of the 9th over - 0 runs, 2 hits, 0 errors, 2 left on base; Springfield 0 - Minnesota 2
Friday, April 17th, 2020 - OOTP Baseball 20.8 Build 74